 Dungeon Crawl Stone Soup version 0.25-a0-413-g3b4b6a4ccc (webtiles) character file.

Game seed: 9248599128396927420, levelgen mode: deterministic

5 MrRokkomies the Ducker (level 1, -25/11 HPs)
             Began as a Spriggan Abyssal Knight on Jan 17, 2020.
             Was a Follower of Lugonu.
             Killed from afar by an orc sorcerer (30 damage)
             ... with a bolt of negative energy
             ... on level 3 of the Abyss.
             The game lasted 00:01:21 (223 turns).

MrRokkomies the Ducker (Spriggan Abyssal Knight)     Turns: 223, Time: 00:01:21

Health: -25/11     AC:  4    Str:  8    XL:     1   Next: 66%
Magic:  3/3        EV: 18    Int: 13    God:    Lugonu [*.....]
Gold:   0          SH:  0    Dex: 15    Spells: 0/0 levels left

rFire    . . .     SeeInvis +   a - +1 short sword
rCold    . . .     Gourm    .   (shield restricted)
rNeg     . . .     Faith    .   b - +0 robe
rPois    .         Spirit   .   f - +2 hat
rElec    .         Reflect  .   (no cloak)
rCorr    .         Harm     .   (gloves unavailable)
MR       .....                  (boots unavailable)
Stlth    +.........             (no amulet)
HPRegen  0.03/turn              (no ring)
MPRegen  0.08/turn              (no ring)

@: drained, very quick
A: very small, unfitting armour, see invisible, herbivore, speed 3, slow
metabolism 2
a: Depart the Abyss, Renounce Religion


You were on level 3 of the Abyss.
You worshipped Lugonu.
Lugonu was aware of your devotion.
You were not hungry.

You visited 0 branches of the dungeon, and saw 0 of its levels.
You visited the Abyss 1 time.

Inventory:

Hand Weapons
 a - a +1 short sword (weapon)
Armour
 b - a +0 robe (worn)
 f - a +2 hat (worn)
Scrolls
 e - a scroll of remove curse {unknown}
Potions
 d - a potion of curing {unknown}
Comestibles
 c - a ration


   Skills:
 + Level 2.6(2.0) Fighting
 + Level 2.2(1.7) Short Blades
 + Level 3.7(3.0) Dodging
 + Level 1.8(1.2) Invocations


You couldn't memorise any spells.
You didn't know any spells.
Your spell library was empty.

Dungeon Overview and Level Annotations

Branches:
Dungeon (0/15)

Altars:


Innate Abilities, Weirdness & Mutations

You are very small and have problems with some larger weapons.
You are too small for most types of armour.
You have supernaturally acute eyesight. (SInv)
You are a herbivore.
You cover ground extremely quickly.
You need to consume almost no food.


Message History

You start putting on your armour.
You continue putting on your runed hat. x4
You finish putting on your +2 hat.
A crimson imp appears in a shower of sparks.
The crimson imp shouts!
Found a robe.
A small abomination comes into view.
An ancient zyme comes into view.
A starcursed mass comes into view.
You feel yourself growing ill in the presence of the ancient zyme.
Found a gateway leading deeper into the Abyss.
There is a gateway leading deeper into the Abyss here.
You plunge deeper into the Abyss.
The abyssal rune of Zot can be found at this depth.
Found 18 sling bullets.
An orc sorcerer comes into view. It is wielding a -3 dagger.
Found a war axe.
The orc sorcerer shouts!
The orc sorcerer points at you and mumbles some strange words.
The bolt of negative energy hits you!!
You feel drained.
Ouch! That really hurt!
You die...

.# .)# ### ##..#
##..# #.#.### ..
..%. .#....# ..
...#.#.#.....#
#.....#.@..#.#
...###.......#..
## #....#.....§.#
..#..#......#o#..
..#.###...§.#.#
.#...#..#....#
##..#.#....#.#
##.#..#...... #
..#..#..#..


You could see an orc sorcerer.

Vanquished Creatures
  An ufetubus (Abyss:1)
1 creature vanquished.

Notes
Turn   | Place    | Note
-------+----------+-------------------------------------------
     0 | Abyss:1  | MrRokkomies the Spriggan Abyssal Knight began the quest for
                  | the Orb.
     0 | Abyss:1  | Reached XP level 1. HP: 11/11 MP: 3/3
    49 | Abyss:1  | Noticed a small abomination
    83 | Abyss:1  | Noticed a large abomination
    95 | Abyss:1  | Noticed a golden eye
   102 | Abyss:1  | Noticed a starcursed mass
   176 | Abyss:2  | Noticed a crimson imp
   189 | Abyss:2  | Noticed a small abomination
   205 | Abyss:2  | Noticed an ancient zyme
   205 | Abyss:2  | Noticed a starcursed mass
   221 | Abyss:3  | Noticed an orc sorcerer
   223 | Abyss:3  | Killed from afar by an orc sorcerer

Levels and vault maps discovered:
Abyss:3

Action                   || total
-------------------------++-------
Melee: Short sword       ||     7
Dodge: Dodged            ||    14

Table legend:
 A = Non-vault XP
 B = Vault XP
 C = Vault XP percentage of total XP
 D = Non-vault monster count
 E = Vault monster count
 F = Vault count percentage of total count
                 A         B        C        D         E       F
            +---------+---------+-------+---------+---------+-------
      Total |       8 |       0 |   0.0 |       1 |       0 |   0.0
            +---------+---------+-------+---------+---------+-------
    Abyss:1 |       8 |       0 |   0.0 |       1 |       0 |   0.0
            +---------+---------+-------+---------+---------+-------
